 Dungeon Crawl Stone Soup version 0.25-a0-578-gc91f01c39c (webtiles) character file.

Game seed: 14721541755055321362, levelgen mode: deterministic

51 MrRokkomies the Slasher (level 4, 0/34 HPs)
             Began as a Human Gladiator on Mar 7, 2020.
             Killed from afar by Sigmund (12 damage)
             ... with a puff of flame
             ... on level 2 of the Dungeon.
             The game lasted 00:02:22 (1225 turns).

MrRokkomies the Slasher (Human Gladiator)           Turns: 1225, Time: 00:02:23

Health: 0/34       AC:  6    Str: 15    XL:     4   Next: 5%
Magic:  4/4        EV: 12    Int:  9    God:
Gold:   62         SH:  0    Dex: 14    Spells: 3/3 levels left

rFire    . . .     SeeInvis .   a - +1 long sword
rCold    . . .     Gourm    .   (no shield)
rNeg     . . .     Faith    .   l - +0 ring mail
rPois    .         Spirit   .   c - +0 helmet
rElec    .         Reflect  .   (no cloak)
rCorr    .         Harm     .   (no gloves)
MR       .....                  (no boots)
Stlth    ..........             (no amulet)
HPRegen  0.11/turn              (no ring)
MPRegen  0.09/turn              (no ring)

@: confused
A: no striking features
a: no special abilities


You were on level 2 of the Dungeon.
You were not hungry.

You visited 1 branch of the dungeon, and saw 2 of its levels.

You collected 62 gold pieces.

Inventory:

Hand Weapons
 a - a +1 long sword (weapon)
Missiles
 d - 3 throwing nets (quivered)
 j - 25 sling bullets
Armour
 c - a +0 helmet (worn)
 l - a +0 ring mail (worn)
Wands
 g - a wand of enslavement (6)
Scrolls
 b - a scroll of enchant armour {unknown}
 e - a scroll of teleportation
 m - a scroll of random uselessness {unknown}
Potions
 h - 4 potions of stabbing
 i - 3 potions of haste {unknown}
 k - a potion of heal wounds {unknown}
Comestibles
 f - 4 rations


   Skills:
 * Level 2.9 Fighting
 * Level 3.7 Long Blades
 - Level 2.0 Throwing
 + Level 3.3 Dodging


You had 3 spell levels left.
You didn't know any spells.
Your spell library was empty.

Dungeon Overview and Level Annotations

Branches:
Dungeon (2/15)

Altars:

Annotations:
D:2 Sigmund


Message History

The bat hits you but does no damage.
You slash the bat!
You kill the bat!
Something hits you.
You hear some strange, mumbled words.
You are confused.
Things that are here:
a stone; a bat corpse You miss something.
You hear some strange, mumbled words.
A magic dart appears from out of thin air!
The magic dart hits you.
You start resting.
Something hits you but does no damage.
You slash something! Something hits you but does no damage.
You miss something.
You bump into the rock wall.
You hear some strange, mumbled words.
A puff of flame appears from out of thin air!
The puff of flame hits you!
You die...

#.........#######...
#......†............
####.....##.)######..## ..
.......[###)(# #....)÷† #.
.......## #..# #.##..## #.
####...# #<.###.##..# # #g
##### #..........# ... #.
###########..###.##..# ....##.
#...((@†.............#
.......##.#########..###.##..#
.......)b..# #..# #.###.#
.....#†##..# #..###.# #... ###
#. #..# #...##.# #.##
#.#.##.†### #..###.# #.#
#.........### #..# #.# .#
....##......####..###.# ####
##...............#


There were no monsters in sight!

Vanquished Creatures
  An ooze (D:1)
  3 leopard geckos (D:1)
  2 giant cockroaches (D:2)
  6 goblins
  4 hobgoblins
  4 jackals
  A ball python (D:1)
  4 bats
  4 frilled lizards
  7 kobolds
  7 rats
  A bush (D:1)
44 creatures vanquished.

Notes
Turn   | Place    | Note
-------+----------+-------------------------------------------
     0 | D:1      | MrRokkomies the Human Gladiator began the quest for the
                  | Orb.
     0 | D:1      | Reached XP level 1. HP: 16/16 MP: 1/1
   102 | D:1      | Reached XP level 2. HP: 20/22 MP: 2/2
   203 | D:1      | Reached XP level 3. HP: 15/28 MP: 3/3
  1197 | D:2      | Noticed Sigmund
  1201 | D:2      | Reached XP level 4. HP: 34/34 MP: 4/4
  1225 | D:2      | Killed from afar by Sigmund

Levels and vault maps discovered:
D:1:      noname_arrival_rooms_in_the_neighbourhood, layout_basic,
          lexackson_kobold_supper
D:2:      layout_loops_ring, first_ration, uniq_sigmund

Action                   |  1- 3 |  4- 6 || total
-------------------------+-------+-------++-------
Melee: Long sword        |   141 |     6 ||   147
  Use: Scroll            |     3 |       ||     3
  Eat: Chunk             |     1 |       ||     1
Armor: Leather armour    |    18 |       ||    18
       Ring mail         |     5 |     4 ||     9
Dodge: Dodged            |   108 |    10 ||   118
       Rpst.: Long sword |    37 |     1 ||    38

Table legend:
 A = Non-vault XP
 B = Vault XP
 C = Vault XP percentage of total XP
 D = Non-vault monster count
 E = Vault monster count
 F = Vault count percentage of total count
                 A         B        C        D         E       F
            +---------+---------+-------+---------+---------+-------
      Total |      60 |      13 |  17.8 |      35 |       8 |  18.6
            +---------+---------+-------+---------+---------+-------
        D:1 |      37 |      13 |  26.0 |      20 |       8 |  28.6
        D:2 |      23 |       0 |   0.0 |      15 |       0 |   0.0
            +---------+---------+-------+---------+---------+-------
